 Dungeon Crawl Stone Soup version 0.30.1 (webtiles) character file.

Game seed: 11308075144447769446

6 spardeous the Ducker (level 1, 0/7 HPs)
             Began as a Felid Earth Elementalist on July 14, 2023.
             Succumbed to an adder's poison
             ... on level 3 of the Dungeon.
             The game lasted 00:00:34 (309 turns).

spardeous the Ducker (Felid Earth Elementalist)      Turns: 309, Time: 00:00:34

Health: 0/7        AC:  1    Str:  4    XL:     1   Next: 75%
Magic:  0/4        EV: 17    Int: 16    God:
Gold:   31         SH:  0    Dex: 16    Spells: 3/4 levels left
                                        Lives:  0   Deaths: 0

rFire   . . .        (weapon unavailable)
rCold   . . .        (shield unavailable)
rNeg    . . .        (body armour unavailable)
rPois   .            (helmet unavailable)
rElec   .            (cloak unavailable)
rCorr   .            (gloves unavailable)
SInv    +            (boots unavailable)
Will    .....        (no amulet)
Stlth   ++           (no ring)
HPRegen 0.21/turn    (no ring)
MPRegen 0.09/turn

%: no passive effects
@: lethally poisoned (0 -> -4), quick
A: very small, claws 1, fangs 3, see invisible, speed 1, shaggy fur 1, stealthy
paws, no weapons or thrown items, no armour, multi-lived
a: no special abilities


You were on level 3 of the Dungeon.
You visited 1 branch of the dungeon, and saw 3 of its levels.

You collected 31 gold pieces.

Inventory:

Scrolls
 b - a scroll of poison {unknown}
 c - a scroll of amnesia {unknown}
Potions
 a - a potion of magic


   Skills:
 + Level 3.1 Dodging
 - Level 2.6 Stealth
 - Level 2.0 Spellcasting
 - Level 1.1 Transmutations
 + Level 2.9 Earth Magic


You had 3 spell levels left.
You knew the following spells:

 Your Spells              Type           Power      Damage    Failure   Level
a - Sandblast             Erth           22%        2d7       6%          1

Your spell library contained the following spells:

 Spells                   Type           Power      Damage    Failure   Level
 Passwall                 Tmut/Erth      6%         N/A       14%         2
 Stone Arrow              Conj/Erth      12%        3d7       34%         3
 Petrify                  Tmut/Erth      8%         N/A       65%         4


Dungeon Overview and Level Annotations

Branches:
Dungeon (3/15)

Altars:

Annotations:
D:3 Ijyb


Innate Abilities, Weirdness & Mutations

You have sharp claws.
You have razor-sharp teeth.
You have supernaturally acute eyesight. (SInv)
You cover ground quickly. (Speed+)
You are covered in fur. (AC +1)
Your paws help you pounce on unaware monsters.
You are incapable of wielding weapons or throwing items.
You cannot wear armour.
You gain extra lives every three experience levels.


Message History

c - a scroll labelled IFYSAB DOUSCHASTRAX An adder comes into view.
Found 12 gold pieces.
Found 11 gold pieces.
Casting: Sandblast (safe; 6% risk of failure)
Confirm with . or Enter, or press ? or * to list all spells.
You can't see any susceptible monsters within range! (Use Z to cast anyway.)
Casting: Sandblast (safe; 6% risk of failure)
Confirm with . or Enter, or press ? or * to list all spells.
Aiming: Sandblast (safe; 6% risk of failure)
Press: ? - help, Shift-Dir - straight line, f - adder
Aim: an adder (70% to hit)
The blast of sand hits the adder.
The adder is heavily wounded.
Casting: Sandblast (safe; 6% risk of failure)
Confirm with . or Enter, or press ? or * to list all spells.
Aiming: Sandblast (safe; 6% risk of failure)
Press: ? - help, Shift-Dir - straight line, f/p - adder
Aim: an adder (heavily wounded, 70% to hit)
The blast of sand hits the adder.
The adder is almost dead.
The adder bites you.
You are lethally poisoned!
The adder poisons you! The adder barely misses you.
Casting: Sandblast (safe; 6% risk of failure)
Confirm with . or Enter, or press ? or * to list all spells.
Aiming: Sandblast (safe; 6% risk of failure)
Press: ? - help, Shift-Dir - straight line, f/p - adder
Aim: an adder (almost dead, 70% to hit)
The blast of sand misses the adder.
* * * LOW HITPOINT WARNING * * *
You feel sick. The adder completely misses you. The adder closely misses you.
Casting: Sandblast (safe; 6% risk of failure)
Confirm with . or Enter, or press ? or * to list all spells.
Aiming: Sandblast (safe; 6% risk of failure)
Press: ? - help, Shift-Dir - straight line, f/p - adder
Aim: an adder (almost dead, 70% to hit)
The blast of sand hits the adder!
You kill the adder!
You die...

#..# ...# #
#..# .# #
#$.# .#
#.###.$##.#
#.........###
#...........#
#.@.###.####
#.#.##......
#.......#
#.......#
###.##..#
#.#...#
#.#...###
#####.......#
#...........#


There were no monsters in sight!

Vanquished Creatures
  An adder (D:3)
  2 ball pythons
  A hobgoblin (D:1)
  A frilled lizard (D:3)
  A kobold (D:3)
  A rat (D:2)
7 creatures vanquished.

Notes
Turn   | Place    | Note
-------+----------+-------------------------------------------
     0 | D:1      | spardeous the Felid Earth Elementalist began the quest for
                  | the Orb.
     0 | D:1      | Reached XP level 1. HP: 7/7 MP: 4/4
    55 | D:2      | Reached skill level 3 in Dodging
   189 | D:3      | Noticed Ijyb
   309 | D:3      | Succumbed to an adder's poison

Illustrated notes

Levels and vault maps discovered:
D:1:      ebering_hopf_link, layout_loops_ring, corner_web_ring, minivault_23
D:2:      layout_basic, wander_ebering_terrifying_dragon_lair, uniq_natasha
D:3:      layout_loops_ring, uniq_ijyb

Skill      XL: |  1 |
---------------+----+-----
Dodging        | 3 |  3.1
Stealth        | |  2.6
Spellcasting   | |  2.0
Transmutations | |  1.1
Earth Magic    | |  2.9

Action                     || total
---------------------------++-------
   Cast: Sandblast         ||    11
  Dodge: Dodged            ||     4
